 Dungeon Crawl Stone Soup version 0.30-a0-325-gb515db48ae (webtiles) character file.

Game seed: 2441039500727741423

732 Engwar the Cudgeller (level 7, -3/47 (55) HPs)
             Began as a Pale Draconian Reaver on Oct 28, 2022.
             Was an Initiate of Vehumet.
             Slain by Edmund
             ... wielding a +3 dire flail of protection
              (5 damage)
             ... on level 5 of the Dungeon.
             The game lasted 00:11:09 (4264 turns).

Engwar the Cudgeller (Pale Draconian Reaver)        Turns: 4264, Time: 00:11:10

HP:   -3/47 (55)    AC:  9    Str: 14    XL:     7   Next: 45%
MP:   9/10          EV: 12    Int: 15    God:    Vehumet [......]
Gold: 45            SH:  0    Dex: 13    Spells: 6/10 levels left

rFire   . . .      SeeInvis .    k - +0 whip
rCold   . . .      Faith    .    (no shield)
rNeg    + . .      Spirit   .    (body armour unavailable)
rPois   .          Reflect  .    (helmet restricted)
rElec   .          Harm     .    (no cloak)
rCorr   .          Rampage  .    r - +2 pair of gloves {Dex+3}
Will    .....                    (no boots)
Stlth   +.........               (no amulet)
HPRegen 0.27/turn                h - ring of positive energy
MPRegen 0.12/turn                (no ring)

@: hasted, heavily drained, very quick
A: breathe steam, AC +6, unfitting armour, cold-blooded, steam resistance
a: Breathe Steam, Renounce Religion


You were on level 5 of the Dungeon.
You worshipped Vehumet.
Vehumet was noncommittal.
You visited 2 branches of the dungeon, and saw 6 of its levels.

You collected 232 gold pieces.
You spent 187 gold pieces at shops.

Inventory:

Hand Weapons
 k - a +0 whip (weapon)
Armour
 r - a +2 pair of gloves of dexterity (worn)
Jewellery
 h - a ring of positive energy (left hand)
Wands
 q - a wand of flame (10)
Scrolls
 b - a scroll of noise {unknown}
 c - a scroll of fog {unknown}
 e - 2 scrolls of amnesia {unknown}
 i - a scroll of immolation {unknown}
 l - a scroll of brand weapon {unknown}
 m - 2 scrolls of magic mapping
 p - a scroll of vulnerability {unknown}
Potions
 a - a potion of curing
 d - a potion of mutation
 f - 2 potions of brilliance
 g - a potion of lignification
 j - a potion of berserk rage
 n - a potion of invisibility
 o - a potion of attraction
 s - 2 potions of heal wounds {unknown}
 t - a potion of haste
 u - a potion of magic {unknown}
 v - a potion of might {unknown}


   Skills:
 - Level 2.1 Fighting
 + Level 5.8 Maces & Flails
 - Level 1.7 Dodging
 - Level 2.0 Spellcasting
 + Level 5.8 Conjurations
 - Level 4.0 Translocations


You had 6 spell levels left.
You knew the following spells:

 Your Spells              Type           Power      Damage    Failure   Level
a - Kiss of Death         Conj/Necr      40%        2d8       7%          1
b - Momentum Strike       Conj/Tloc      32%        3d8       4%          2
c - Apportation           Tloc           26%        N/A       4%          1

Your spell library contained the following spells:

 Spells                   Type           Power      Damage    Failure   Level
 Hailstorm                Conj/Ice       10%        3d5       21%         3
 Necrotise                Necr           4%         1d4       22%         1
 Summon Small Mammal      Summ           4%         N/A       22%         1


Dungeon Overview and Level Annotations

Branches:
Dungeon (5/15)             Temple (1/1) D:4

Altars:
Ashenzari
Cheibriados
Elyvilon
Fedhas
Gozag
Hepliaklqana
Kikubaaqudgha
Makhleb
Nemelex Xobeh
Qazlal
Sif Muna
Vehumet
Wu Jian
Xom
Yredelemnul
Zin
The Shining One

Shops:
D:3 [   D:4 !

Annotations:
D:3 Pargi
D:5 Edmund


Innate Abilities, Weirdness & Mutations

You can breathe blasts of scalding, opaque steam.
Your pale cyan-grey scales are hard. (AC +6)
You cannot fit into any form of body armour.
You are cold-blooded and may be slowed by cold attacks.
You are immune to the effects of steam.


Message History

Edmund hits you with a +3 dire flail of protection.
You hit Edmund but do no damage.
Edmund is heavily wounded.
Edmund gestures with his flail.
Edmund barely misses you.
You hit Edmund but do no damage.
Edmund is heavily wounded.
Edmund barely misses you.
You hit Edmund.
Edmund is severely wounded.
Edmund barely misses you.
You closely miss Edmund.
Edmund is severely wounded.
You hit Edmund but do no damage.
Edmund is severely wounded.
Edmund barely misses you.
You barely miss Edmund.
Your tail-slap misses Edmund.
Edmund is severely wounded.
Edmund hits you with a +3 dire flail of protection!
You hit Edmund but do no damage.
Edmund is severely wounded.
Edmund hits you with a +3 dire flail of protection.
* * * LOW HITPOINT WARNING * * *
You completely miss Edmund.
Edmund is severely wounded.
Edmund barely misses you.
You feel yourself speed up.
Edmund hits you with a +3 dire flail of protection!
* * * LOW HITPOINT WARNING * * *
You hit Edmund but do no damage.
Edmund is severely wounded.
You hit Edmund but do no damage. You tail-slap Edmund, but do no damage.
Edmund is severely wounded.
Edmund closely misses you.
You barely miss Edmund.
Edmund is severely wounded.
You barely miss Edmund.
Edmund is severely wounded.
Edmund hits you with a +3 dire flail of protection.
You die...

..[.....#####........#
###.##..# #........#
#.# .# ##.##.#### #..
# #.##.# #### #....#
##..## #..# ##†######
#.@@....#
#..###......# #..
......# #... ......#
..... ......# ##....
####### #.... ##...


You could see Edmund (drained).

Vanquished Creatures
  Menkaure (D:4)
  An ice beast (D:5)
  An ogre (D:4)
  2 phantoms (D:5)
  A necrophage (D:4)
  3 hounds
  An orc priest (D:4)
  An iguana (D:4)
  An orc wizard (D:4)
  7 adders
  A white imp (D:5)
  3 dart slugs
  10 orcs
  3 bats
  2 endoplasms
  5 hobgoblins
  8 jackals
  5 kobolds
  7 quokkas
  A ball python (D:2)
  3 frilled lizards
  6 goblins
  8 rats
81 creatures vanquished.

Notes
Turn   | Place    | Note
-------+----------+-------------------------------------------
     0 | D:1      | Engwar the Draconian Reaver began the quest for the Orb.
     0 | D:1      | Reached XP level 1. HP: 17/17 MP: 3/3
   315 | D:1      | Reached XP level 2. HP: 23/24 MP: 5/5
   318 | D:1      | Learned a level 2 spell: Momentum Strike
   891 | D:2      | You fall into a shaft and drop 1 floor!
   940 | D:3      | Found a faded altar of an unknown god.
  1027 | D:2      | Reached XP level 3. HP: 20/29 MP: 6/6
  1789 | D:3      | Reached skill level 1 in Translocations
  1793 | D:3      | Found Yvi Bit's Antique Armour Shop.
  1841 | D:3      | Reached XP level 4. HP: 30/36 MP: 7/7
  2360 | D:3      | Noticed Pargi
  2519 | D:3      | Bought a pair of runed gloves for 187 gold pieces
  2590 | D:4      | Noticed Menkaure
  2667 | D:4      | Killed Menkaure
  2668 | D:4      | Reached XP level 5. HP: 16/41 MP: 5/8
  2923 | D:4      | Found a staircase to the Ecumenical Temple.
  2982 | Temple   | Entered the Ecumenical Temple
  3021 | Temple   | Became a worshipper of Vehumet
  3167 | D:4      | Noticed an ogre
  3186 | D:4      | Killed an ogre
  3187 | D:4      | Reached XP level 6. HP: 29/46 MP: 6/9
  3262 | D:4      | Identified the +3 leather armour "Jaiddeal" {rPois Str+3}
  3393 | D:4      | Reached skill level 5 in Maces & Flails
  3513 | D:4      | Found a white marble altar of Elyvilon.
  3515 | D:4      | Found a hazy altar of Hepliaklqana.
  3596 | D:4      | Reached skill level 5 in Conjurations
  3622 | D:4      | Found Sesteqir's Distillery.
  3822 | D:5      | Entered Level 5 of the Dungeon
  3976 | D:5      | Noticed an ice beast
  3978 | D:5      | Your scales start taking on a pale cyan-grey colour.
  3978 | D:5      | Reached XP level 7. HP: 44/55 MP: 10/10
  3978 | D:5      | Gained mutation: You are immune to the effects of steam.
                  | [Pale Draconian growth]
  3998 | D:5      | Learned a level 1 spell: Apportation
  4234 | D:5      | Noticed Edmund
  4260 | D:5      | HP: 2/47 [Edmund/+3 dire flail of protection (10)]
  4264 | D:5      | Slain by Edmund

Illustrated notes

Levels and vault maps discovered:
D:1:      evilmike_arrival_crescent, layout_rooms, kennysheep_pointless_box,
          chequers_mini_garden, kennysheep_doodads, serial_park_tiny_pond
D:2:      layout_loops_ring
D:3:      layout_basic, chequers_ecumenical_altar_island, serial_shops, shop,
          uniq_pargi
D:4:      layout_loops_ring, nicolae_overflow_hidden_temple,
          minmay_temple_entry_antechambers, serial_shops,
          nicolae_lakefront_shop, uniq_menkaure
D:5:      layout_rooms, uniq_edmund
Temple:   hellmonk_temple_two_chambers

Skill      XL: |  1  2  3  4  5  6  7 |
---------------+----------------------+-----
Translocations | 1 2 3 4 |  4.0
Maces & Flails | 4 5 |  5.8
Conjurations   | 4 5 |  5.8
Fighting       | |  2.1
Dodging        | |  1.7
Spellcasting   | |  2.0

Action                   |  1- 3 |  4- 6 |  7- 9 || total
-------------------------+-------+-------+-------++-------
Melee: Mace              |   126 |       |       ||   126
       Tailslap          |    11 |    35 |     9 ||    55
       Punch             |     2 |     4 |       ||     6
       Whip              |    41 |   300 |    58 ||   399
 Cast: Momentum Strike   |       |     4 |     1 ||     5
       Kiss of Death     |       |     1 |     1 ||     2
 Abil: Breathe Steam     |       |       |     2 ||     2
  Use: Scroll            |     5 |     3 |     1 ||     9
       Potion            |       |       |     1 ||     1
 Stab: Sleeping          |       |     1 |       ||     1
Armor: Skin              |    58 |    87 |    22 ||   167
Dodge: Dodged            |   116 |   143 |    28 ||   287

Table legend: (Time is in decaauts)
 A = Elapsed time spent in this place.
 B = Non-inter-level travel time spent in this place.
 C = Inter-level travel time spent in this place.
 D = Time resting spent in this place.
 E = Time spent auto-exploring this place.
 F = Levels seen in this place.
 G = Mean time per level.
                   A        B        C        D        E       F      G
               +--------+--------+--------+--------+--------+-----+--------+
         Total |   4245 |   4092 |    153 |    208 |   2784 |   6 |  707.5 |
       Dungeon |   4199 |   4051 |    148 |    208 |   2765 |   5 |  839.8 |
        Temple |     45 |     40 |      5 |      0 |     19 |   1 |   45.0 |
               +--------+--------+--------+--------+--------+-----+--------+

Top non-repeatable levels by time:
     D:4: 1161 daAuts
     D:3: 1076 daAuts
     D:2: 825 daAuts
     D:1: 737 daAuts
     D:5: 398 daAuts
  Temple: 45 daAuts
